 Dungeon Crawl Stone Soup version 0.26-b1-32-g5d43845 (webtiles) character file.

Game seed: 2485227368237577995

938252 bonscott the Wrestler (level 27, -7/173 HPs)
             Began as a Vampire Transmuter on Jan 9, 2021.
             Was the Champion of Makhleb.
             Killed from afar by a Hell Sentinel (30 damage)
             ... with damnation
             ... on level 7 of the Iron City of Dis on Jan 11, 2021.
             The game lasted 19:45:48 (113471 turns).

bonscott the Wrestler (Vampire Transmuter)        Turns: 113471, Time: 19:45:48

Health: -7/173     AC: 41    Str: 20    XL:     27
Magic:  34/44      EV: 14    Int: 22    God:    Makhleb [******]
Gold:   3240       SH: 22    Dex: 16    Spells: 15/61 levels left

rFire    + + +     SeeInvis +     - Unarmed
rCold    + + +     Faith    .   V - +2 shield of Resistance {rF++ rC++ Will++}
rNeg     + + +     Spirit   .   E - +17 plate armour of the Centipede {+Fly Will+ Regen+ Slay+3}
rPois    ∞         Reflect  +   Y - -2 hat of the Alchemist {rElec rPois rF+ rC+ rN+ Will+ rMut rCorr}
rElec    +         Harm     .   L - +2 cloak
rCorr    +         Rampage  .   I - +0 pair of gloves "Viaffa" {Regen+ Int+3}
rMut     +                      C - +2 pair of boots {run}
Will     +++++                  N - amulet of reflection
Stlth    ..........             e - ring of positive energy
HPRegen  0.00/turn              T - ring of Fywor {Wiz +Fly Str+3}
MPRegen  0.29/turn

@: bloodless, quick
A: fangs 3, see invisible, fire resistance 1, strong-willed 1, unbreathing,
subdued magic 1
}: 6/15 runes: serpentine, barnacled, slimy, silver, obsidian, icy
a: Bat Form, Revivify, Renounce Religion, Evoke Flight, Minor Destruction,
Lesser Servant of Makhleb, Major Destruction, Greater Servant of Makhleb


You were on level 7 of the Iron City of Dis.
You worshipped Makhleb.
Makhleb was exalted by your worship.
You visited 15 branches of the dungeon, and saw 78 of its levels.
You visited the Abyss 1 time.
You visited 1 bazaar.

You collected 10072 gold pieces.
You spent 6832 gold pieces at shops.

Inventory:

Hand Weapons
 b - the +10 hunting sling of the Elven Halls {flame, rN+ Int+4}
   (You found it on level 5 of the Pits of Slime)

   It causes projectiles fired from it to burn those they strike, causing extra
   injury to most foes and up to half again as much damage against particularly
   susceptible opponents.
   It affects your intelligence (+4).
   It protects you from negative energy.
Missiles
 l - 353 sling bullets
 o - 38 boomerangs
 v - 39 silver javelins
 B - 10 throwing nets
 F - 1326 stones (quivered)
 J - 94 javelins
 O - 11 silver boomerangs
Armour
 C - a +2 pair of boots of running (worn)
 E - the +17 plate armour of the Centipede (worn) {+Fly Will+ Regen+ Slay+3}
   (You acquired it on level 10 of the Dungeon)

   It affects your accuracy and damage with ranged weapons and melee attacks
   (+3).
   It affects your willpower, your defense against some magical effects.
   It lets you fly.
   It increases your rate of regeneration.
 I - the +0 pair of gloves "Viaffa" (worn) {Regen+ Int+3}
   (You found it on level 11 of the Dungeon)

   It affects your intelligence (+3).
   It increases your rate of regeneration.
 L - a +2 cloak (worn)
 V - the +2 shield of Resistance (worn) {rF++ rC++ Will++}
   (You found it on level 10 of the Dungeon)

   It greatly protects you from fire.
   It greatly protects you from cold.
   It affects your willpower, your defense against some magical effects.
 Y - the -2 hat of the Alchemist (worn) {rElec rPois rF+ rC+ rN+ Will+ rMut rCorr}
   (You found it on level 2 of the Depths)

   It protects you from fire.
   It protects you from cold.
   It insulates you from electricity.
   It protects you from poison.
   It protects you from negative energy.
   It affects your willpower, your defense against some magical effects.
   It provides partial protection from all sources of acid and corrosion.
   It protects you from mutation.
Jewellery
 e - a ring of positive energy (left hand)
 N - an amulet of reflection (around neck)
 T - the ring of Fywor (right hand) {Wiz +Fly Str+3}
   (You bought it in a shop on level 1 of the Shoals)

   [ring of wizardry]

   It improves your spell success rate.
   It affects your strength (+3).
   It lets you fly.
Wands
 g - a wand of paralysis (52)
 A - a wand of disintegration (24)
 D - a wand of digging (9)
 K - a wand of iceblast (27)
 P - a wand of acid (31)
 Q - a wand of enslavement (25)
Scrolls
 c - 7 scrolls of immolation
 d - 11 scrolls of identify
 m - 21 scrolls of teleportation
 p - a scroll of magic mapping
 q - 5 scrolls of fear
 s - 5 scrolls of silence
 w - 4 scrolls of fog
 R - 6 scrolls of summoning
 U - 2 scrolls of blinking
Potions
 f - 2 potions of magic
 h - 4 potions of resistance
 j - 14 potions of lignification
 k - 2 potions of berserk rage
 u - 4 potions of haste
 x - 6 potions of cancellation
 z - 16 potions of curing
 H - 4 potions of brilliance
 M - 3 potions of heal wounds
 S - 4 potions of ambrosia
 W - 2 potions of invisibility
 X - a potion of might
Miscellaneous
 a - the horn of Geryon
 i - a tin of tremorstones (2/2)
 r - a lightning rod (4/4)
 t - a condenser vane
 y - a phial of floods
 G - a box of beasts
 Z - a phantom mirror


   Skills:
 + Level 17.9 Fighting
 - Level 10.1(12.7) Slings
 + Level 12.6(13.9) Throwing
 + Level 16.5 Armour
 + Level 13.6 Dodging
 + Level 17.7 Shields
 + Level 22.1 Unarmed Combat
 + Level 17.9 Spellcasting
 + Level 18.2 Hexes
 + Level 14.9 Summonings
 - Level 12.3 Necromancy
 - Level 4.0 Translocations
 - Level 12.1 Transmutations
 - Level 5.6 Air Magic
 + Level 15.4 Earth Magic
 + Level 17.1 Invocations
 + Level 17.0 Evocations


You had 15 spell levels left.
You knew the following spells:

 Your Spells              Type           Power        Failure   Level
a - Apportation           Tloc           56%          1%          1
c - Confusing Touch       Hex            67%          0%          3
d - Animate Dead          Necr           27%          1%          4
g - Passage of Golubria   Tloc           N/A          17%         4
i - Swiftness             Air            34%          1%          2
k - Animate Skeleton      Necr           100%         1%          1
l - Lesser Beckoning      Tloc           14%          5%          3
m - Summon Mana Viper     Hex/Summ       63%          1%          5
n - Summon Lightning Spi  Summ/Air       49%          1%          4
p - Passwall              Tmut/Erth      48%          1%          2
q - Blink                 Tloc           N/A          2%          2
r - Lee's Rapid Deconstr  Erth           30%          1%          5
t - Tukima's Dance        Hex            67%          0%          3
v - Borgnjor's Vile Clut  Necr/Erth      29%          1%          5
w - Wereblood             Tmut           54%          1%          2

Your spell library contained the following spells:

 Spells                   Type           Power        Failure   Level
 Corona                   Hex            74%          0%          1
 Slow                     Hex            67%          0%          2
 Beastly Appendage        Tmut           100%         1%          1
 Pain                     Necr           100%         1%          1
 Sting                    Tmut/Pois      100%         1%          1
 Summon Small Mammal      Summ           100%         1%          1
 Call Imp                 Summ           60%          1%          2
 Corpse Rot               Necr/Air       N/A          1%          2
 Ensorcelled Hibernation  Hex/Ice        92%          1%          2
 Sublimation of Blood     Necr           27%          1%          2
 Dazzling Flash           Conj/Hex       92%          1%          3
 Inner Flame              Hex/Fire       46%          1%          3
 Portal Projectile        Hex/Tloc       100%         1%          3
 Stone Arrow              Conj/Erth      82%          1%          3
 Vampiric Draining        Necr           27%          1%          3
 Cause Fear               Hex            33%          1%          4
 Fulminant Prism          Conj/Hex       23%          1%          4
 Leda's Liquefaction      Hex/Erth       32%          1%          4
 Petrify                  Tmut/Erth      58%          1%          4
 Agony                    Necr           54%          1%          5
 Blade Hands              Tmut           27%          1%          5
 Silence                  Hex/Air        26%          1%          5
 Yara's Violent Unravell  Hex/Tmut       30%          1%          5
 Invisibility             Hex            67%          1%          6
 Shock                    Conj/Air       96%          2%          1
 Spider Form              Tmut/Pois      17%          2%          3
 Poisonous Vapours        Pois/Air       48%          4%          2
 Summon Ice Beast         Ice/Summ       40%          4%          4
 Statue Form              Tmut/Erth      38%          4%          6
 Gell's Gravitas          Tloc           14%          5%          3
 Ignite Poison            Fire/Tmut/Pois 28%          5%          3
 Teleport Other           Tloc           28%          5%          3
 Summon Forest            Summ/Tloc      23%          5%          5
 Metabolic Englaciation   Hex/Ice        23%          6%          5
 Ice Form                 Ice/Tmut       35%          8%          4
 Foxfire                  Conj/Fire      60%          9%          1
 Freeze                   Ice            60%          9%          1
 Magic Dart               Conj           60%          9%          1
 Static Discharge         Conj/Air       24%          9%          3
 Airstrike                Air            17%          9%          4
 Death Channel            Necr           27%          9%          6
 Hydra Form               Tmut           27%          10%         6
 Mephitic Cloud           Conj/Pois/Air  21%          13%         3
 Searing Ray              Conj           30%          14%         2
 Summon Hydra             Summ           30%          17%         7
 Alistair's Intoxication  Tmut/Pois      23%          21%         5
 Irradiate                Conj/Tmut      17%          21%         5
 Conjure Flame            Conj/Fire      15%          28%         3
 Frozen Ramparts          Ice            30%          28%         3
 Ozocubu's Armour         Ice            15%          28%         3
 Haunt                    Necr/Summ      28%          28%         7
 Bolt of Magma            Conj/Fire/Erth 16%          30%         5
 Discord                  Hex            33%          32%         8
 Iskenderun's Mystic Bla  Conj/Tloc      21%          38%         4
 Dragon Form              Tmut           27%          45%         7
 Iron Shot                Conj/Erth      20%          50%         6
 Lightning Bolt           Conj/Air       12%          61%         5
 Hailstorm                Conj/Ice       15%          65%         4
 Olgreb's Toxic Radiance  Pois           15%          65%         4
 Sticky Flame             Conj/Fire      15%          65%         4
 Simulacrum               Ice/Necr       18%          71%         6
 Eringya's Noxious Bog    Tmut/Pois      17%          73%         6
 Fireball                 Conj/Fire      7%           93%         5
 Iskenderun's Battlesphe  Conj           15%          93%         5
 Dispersal                Tloc           14%          95%         6
 Spellforged Servitor     Conj/Summ      20%          98%         7
 Infestation              Necr           27%          98%         8
 Freezing Cloud           Conj/Ice/Air   10%          99%         6
 Ozocubu's Refrigeration  Ice            7%           100%        6
 Disjunction              Tloc           14%          100%        8
 Ignition                 Fire           7%           100%        8
 Dragon's Call            Summ           30%          100%        9
 Shatter                  Erth           30%          100%        9
 Borgnjor's Revivificati  Necr           Unusable     N/A         8
 Necromutation            Tmut/Necr      Unusable     N/A         8
 Death's Door             Necr           Unusable     N/A         9

Dungeon Overview and Level Annotations

Branches:
Dungeon (15/15)            Temple (0/1) D:7            Lair (6/6) D:10
 Shoals (4/4) Lair:4        Snake (4/4) Lair:4        Slime (5/5) Lair:5
    Orc (2/2) D:9             Elf (3/3) Orc:2        Vaults (5/5) D:13
  Crypt (3/3) Vaults:3     Depths (5/5) D:15           Hell (visited)
    Dis (7/7) Hell            Geh (7/7) Hell            Coc (7/7) Hell
    Tar (0/7) Hell            Zot (4/5) Depths:5
   Tomb: Crypt:3

Altars:
Ashenzari
Cheibriados
Fedhas
Kikubaaqudgha
Makhleb
Nemelex Xobeh
Trog
Vehumet
Xom
Beogh
Jiyva

Shops:
D:7 ?   D:14 *   Orc:2 [}*?   Elf:1 }   Elf:2 :   Elf:3 }   Shoals:1 =
Vaults:3 [*}((=   Depths:1 *!}?:?

Portals:
Hell: Depths:1 Depths:2 Depths:3 Depths:4 Depths:5
Abyss: Depths:1 Depths:4 Depths:5
Pandemonium: Orc:2 Depths:1 Depths:3
Ziggurat: Depths:5
Trove: D:11 (give 7 scrolls of fear)

Annotations:
D:7 Harold
D:8 2 transporters, Mihun's ghost, novice DEWz
Shoals:1 exclusion: Roxanne, Roxanne
Shoals:3 1 runed translucent door, Cedruin's ghost, adept DrAr
Vaults:1 1 runed translucent door, Nornya's ghost, veteran MfSu
Crypt:2 Mennas
Crypt:3 Khufu
Zot:1 1 runed translucent door, Toelubet's ghost, veteran CeHu


Innate Abilities, Weirdness & Mutations

You do not regenerate when monsters are visible.
You are frail without blood (-20% HP).
You can heal yourself when you bite living creatures.
You are immune to poison.
You have razor-sharp teeth.
You have supernaturally acute eyesight. (SInv)
You can survive without breathing.
Your flesh is heat resistant. (rF+)
You are strong-willed. (Will+)
Your spells are a little easier to cast, but a little less powerful.


Message History

Aiming: Borgnjor's Vile Clutch (mildly dangerous; 1% risk of failure)
Press: ? - help, Shift-Dir - straight line, f - Hell Sentinel, p - Hell Sentinel
Aim: a Hell Sentinel (0% to evade) Zombie hands grab the Hell Sentinel.
The zombie hands constrict the Hell Sentinel!
The zombie hands constrict the Hell Sentinel.
The Hell Sentinel struggles to escape constriction.
The Hell Sentinel gestures at you.
The sphere of damnation explodes!
The damnation engulfs you!!!
* * * LOW HITPOINT WARNING * * *
The zombie hands constrict the Hell Sentinel. x2
The Hell Sentinel escapes!
The Hell Sentinel struggles to escape constriction.
The zombie hands constrict the Hell Sentinel, but do no damage.
The Hell Sentinel escapes!
As you read the scroll of fog, it crumbles to dust.
The scroll dissolves into smoke.
The Hell Sentinel gestures at you.
The sphere of damnation explodes!
The damnation engulfs you!!
You die...

...##...#...#....#....#.###.###
#..##...#...#....#....#.....#
##############################
####........................8#
...#........................8#
...#..8.######################
...#..........§§).....§§§§§§.#
####.[#.......#§#§§.#.#§§§§§.#
...#.)#........§@§...11..§§§.#
...#..#...#################§.#
...#..#...# #..# ####..#...#
#.8# ...#..#...# #..#
#..#..#.#.# #..# #..)..#...#
#1.# ...#..#.#.# #..#
####..#...# #..#


You could see 2 Hell Sentinels.

Vanquished Creatures
  Antaeus (Depths:3)
  Asmodeus (Geh:7)
  the Royal Jelly (Slime:5)
  Dissolution (Slime:1)
  the Serpent of Hell (Coc:7)
  An ancient lich (Vaults:4)
  2 orbs of fire
  Sojobo (D:15)
  A shard shrike (shapeshifter) (Depths:2)
  Saint Roka (Orc:2)
  A Killer Klown (Zot:3)
  27 shard shrikes
  Geryon (Hell)
  Jory (Vaults:2)
  2 caustic shrikes (Depths:4)
  14 golden dragons
  The ghost of Droegar the Slayer, an adept MiBe of Trog (Vaults:3)
  3 Tzitzimimeh
  7 bone dragons
  2 electric golems (Zot:1)
  4 iron giants
  Jorgrun (Shoals:1)
  A shard shrike skeleton (Crypt:1)
  14 Brimstone Fiends
  9 liches
  10 tentacled monstrosities
  5 Hell Sentinels
  17 Ice Fiends
  Asterion (Depths:1)
  A titan (Vaults:4)
  2 deep elf master archers (Elf:3)
  12 quicksilver dragons
  2 deep elf blademasters
  22 acid blobs
  A kraken (Shoals:4)
  Polyphemus (Shoals:3)
  An acid blob (shapeshifter) (Depths:2)
  9 death cobs
  18 ancient champions
  Agnes (Depths:1)
  2 Executioners (Dis:7)
  13 tengu reavers
  7 sphinxes
  3 draconian monks
  Donald (Vaults:1)
  Kirke (Elf:1)
  10 nagarajas
  13 storm dragons
  11 fire giants
  11 shadow dragons
  7 azure jellies
  A cacodemon (Dis:7)
  3 draconian scorchers
  3 ghost moths
  4 draconian stormcallers (Zot:2)
  6 draconian knights
  3 iron dragons
  A frost giant (shapeshifter) (Depths:2)
  2 ghouls (Crypt:2)
  3 deep elf elementalists
  6 deep elf sorcerers
  14 vault wardens
  Louise (D:15)
  8 frost giants
  9 ironheart preservers
  A curse skull (Crypt:2)
  5 draconian shifters
  22 stone giants
  9 balrugs
  4 spriggan defenders
  35 very ugly things
  2 draconian annihilators (Zot:2)
  An elemental wellspring (Coc:4)
  16 war gargoyles
  12 vampire knights
  56 reapers
  Nessos (D:15)
  Azrael (Orc:2)
  8 green draconians
  13 deep elf demonologists
  9 deep elf annihilators
  A dire elephant (Lair:2)
  11 white draconians
  4 black draconians
  3 lorocyprocas
  An entropy weaver (Vaults:4)
  A spark wasp (shapeshifter) (Vaults:4)
  A bunyip (shapeshifter) (Depths:2)
  6 purple draconians
  6 red draconians
  11 yellow draconians
  10 spark wasps
  9 eidola
  12 ettins
  An eleionoma (shapeshifter) (Depths:2)
  A crystal guardian (Vaults:4)
  11 blizzard demons
  6 merfolk impalers
  2 jiangshi (Crypt:2)
  3 quicksilver dragon zombies
  7 deep elf high priests
  5 deep elf death magi
  A great orb of eyes (shapeshifter) (Depths:2)
  Josephine (D:10)
  13 yaktaur captains
  10 death oozes
  7 merfolk javelineers
  2 green deaths
  A kraken zombie (Coc:4)
  8 fire dragons
  2 rakshasas (Vaults:3)
  25 vault guards
  7 great orbs of eyes
  6 hydras
  Erolcha (D:10)
  22 ice dragons
  15 naga warriors
  3 quicksilver dragon skeletons
  8 boulder beetles
  2 spriggan air magi
  15 anacondas
  3 hell beasts
  70 two-headed ogres
  5 death knights
  An anaconda (shapeshifter) (Depths:5)
  A merfolk aquamancer (Lair:4)
  4 alligator snapping turtles
  3 merfolk avatars
  A catoblepas (Shoals:3)
  A satyr (Shoals:2)
  17 centaur warriors
  20 ogre magi
  42 dancing weapons
  10 death yaks
  10 deep troll earth magi
  10 orc high priests
  4 thrashing horrors (Abyss:3)
  13 deep troll shamans
  27 hell hogs
  A tengu warrior (Depths:3)
  20 sun demons
  7 titan zombies
  Urug (D:10)
  9 soul eaters
  2 spriggan berserkers
  The ghost of bogs101 the Tainter, a journeyman DEWz of Vehumet (D:11)
  17 naga sharpshooters
  5 storm dragon zombies
  7 salamander mystics
  10 shock serpents
  A wretched star (Abyss:3)
  19 deep elf knights
  Nergalle (Orc:2)
  Sonja (D:10)
  5 iron golems
  95 skeletal warriors
  4 storm dragon skeletons
  4 shadow wraiths
  55 hell knights
  4 titan skeletons
  21 deep trolls
  A spatial maelstrom (Abyss:3)
  A bunyip zombie (Crypt:2)
  4 ghost moth zombies
  A glowing orange brain (shapeshifter) (Abyss:3)
  A goliath frog (shapeshifter) (Depths:4)
  6 iron trolls
  13 deep elf archers
  5 unseen horrors
  11 sea snakes
  2 golden dragon zombies
  5 shadow demons
  2 bog bodies (Crypt:2)
  A swamp dragon (shapeshifter) (Depths:2)
  An infernal demonspawn (Orc:2)
  8 glowing orange brains
  12 flayed ghosts
  6 naga ritualists
  5 wizards
  15 anaconda zombies
  A golden dragon skeleton (Coc:5)
  A bunyip skeleton (Crypt:1)
  A shadow dragon zombie (Coc:3)
  12 orc knights
  6 harpies
  3 obsidian statues (Depths:2)
  2 kraken simulacra
  5 anaconda skeletons
  24 necromancers
  7 ironbrand convokers
  A harpy (shapeshifter) (Vaults:1)
  A sphinx zombie (Vaults:3)
  74 deep elf magi
  7 fire giant zombies
  6 wolf spider zombies
  6 orc sorcerers
  A shining eye (shapeshifter) (Depths:2)
  51 ugly things
  4 frost giant zombies
  6 mana vipers
  2 mana vipers (shapeshifter)
  17 phantasmal warriors
  3 oklob plants (Lair:4)
  4 salamanders
  A shadow dragon skeleton (Geh:4)
  9 manticores
  9 shining eyes
  11 iron dragon zombies
  6 stone giant zombies
  4 wolf spiders
  6 fauns
  2 fauns (shapeshifter)
  6 merfolk sirens
  10 cyclopes
  2 salamanders (shapeshifter)
  6 centaur zombies
  6 stone giant skeletons
  26 elephants
  19 moths of wrath
  17 naga magi
  49 rust devils
  10 vault sentinels
  7 water nymphs
  10 guardian serpents
  A guardian serpent (shapeshifter) (D:14)
  6 molten gargoyles (Geh:7)
  A torpor snail (Lair:4)
  3 fire giant skeletons
  3 smoke demons
  A black mamba (shapeshifter) (Vaults:2)
  A torpor snail (shapeshifter) (Depths:2)
  Psyche (D:10)
  3 iron dragon skeletons
  11 dire elephant zombies
  A frost giant skeleton (Coc:6)
  2 orange demons
  33 black mambas
  2 human zombies
  An eye of devastation (Slime:5)
  An emperor scorpion zombie (Geh:7)
  12 cane toads
  5 gargoyles
  A cane toad (shapeshifter) (Depths:1)
  4 dire elephant skeletons
  19 hellions
  2 rime drakes
  Maggie (D:6)
  A storm dragon simulacrum (Crypt:2)
  A rime drake (shapeshifter) (Vaults:4)
  An ancient zyme (Abyss:3)
  2 yaktaur zombies (Vaults:3)
  12 komodo dragons
  41 yaktaurs
  A catoblepas zombie (Dis:5)
  3 shock serpent skeletons
  An efreet (D:14)
  A komodo dragon (shapeshifter) (Abyss:3)
  A black draconian skeleton (Crypt:2)
  30 ice devils
  40 tormentors
  An anaconda simulacrum (Coc:3)
  46 freezing wraiths
  3 tengu conjurers
  3 hellwings
  22 hydra zombies
  3 catoblepas skeletons
  2 harpy zombies
  7 polar bears
  23 red devils
  2 queen bees (shapeshifter)
  A purple draconian skeleton (Geh:6)
  26 merfolk
  14 trolls
  A shadow dragon simulacrum (Vaults:3)
  8 hornets
  21 blink frogs
  14 dream sheep
  7 wind drakes
  A slime creature (shapeshifter) (Vaults:1)
  2 blink frogs (shapeshifter)
  4 alligator zombies
  9 hydra skeletons
  73 slime creatures
  A harpy skeleton (Coc:1)
  11 raiju (Abyss:3)
  10 snapping turtles
  An ice dragon zombie (Hell)
  3 fire dragon zombies
  4 ettin skeletons
  A frost giant simulacrum (Depths:3)
  3 black mamba zombies
  2 stone giant simulacra
  45 flying skulls
  A meliai zombie (Crypt:1)
  35 wraiths
  9 air elementals
  A fire dragon skeleton (Dis:3)
  16 spriggans
  13 ettin zombies
  22 shadows
  2 redbacks (Vaults:4)
  2 tarantellas (shapeshifter)
  24 water elementals
  3 alligator skeletons
  8 vampires
  3 hogs (Elf:1)
  3 wyverns
  6 vampire mosquitoes
  4 golden eyes (Slime:5)
  24 fire elementals
  A human (shapeshifter) (Depths:3)
  A basilisk (D:13)
  A golden eye (shapeshifter) (Vaults:4)
  4 black mamba skeletons
  35 yaks
  An infernal demonspawn zombie (Crypt:1)
  A human simulacrum (Vaults:3)
  A neqoxec (Abyss:3)
  A spatial vortex (Abyss:3)
  6 wargs
  52 nagas
  A soldier ant (shapeshifter) (Depths:4)
  A merfolk zombie (Coc:7)
  4 large abominations (Abyss:3)
  52 hell hounds
  11 cane toad zombies
  A hydra simulacrum (Coc:3)
  3 acid dragons
  A faun skeleton (Crypt:2)
  20 water moccasins
  A black bear (shapeshifter) (Vaults:3)
  A small abomination (Abyss:3)
  7 phantoms
  A floating eye (Depths:4)
  4 black bears
  An ice beast (shapeshifter) (Vaults:5)
  6 ice beasts
  5 cane toad skeletons
  2 alligator simulacra
  6 sky beasts
  3 eyes of draining
  40 orc warriors
  4 snapping turtle zombies
  8 boggarts
  6 manticore zombies
  4 necrophages
  49 ogres
  3 swamp dragon zombies
  A black mamba simulacrum (Coc:6)
  27 centaurs
  23 wolves
  2 swamp dragon skeletons
  A torpor snail zombie (Crypt:1)
  5 snapping turtle skeletons
  4 big kobolds
  3 elf zombies
  Blork the orc (D:5)
  2 human skeletons
  19 bullfrogs
  A gnoll sergeant (D:8)
  A cyclops zombie (Crypt:2)
  2 elf skeletons
  9 earth elementals
  A glowing shapeshifter simulacrum (Vaults:1)
  2 cane toad simulacra
  5 wyvern skeletons (Crypt:3)
  4 scorpions
  3 killer bees (D:7)
  96 wights
  2 electric eels (Snake:3)
  3 lava snakes (Snake:1)
  2 crimson imps
  7 starcursed masses (Abyss:3)
  3 bullfrog zombies
  20 iron imps
  5 jellies
  4 bullfrog skeletons
  38 orc priests
  7 hounds
  31 orc wizards
  5 centaur skeletons
  Jessica (D:3)
  3 iguanas
  10 worker ants
  A killer bee zombie (Crypt:2)
  An ogre zombie (Geh:5)
  2 tengu zombies
  A hound zombie (D:5)
  A hound skeleton (D:7)
  10 mummies
  A worker ant zombie (D:10)
  8 gnolls
  17 adders
  4 shadow imps
  23 white imps
  An ooze (D:2)
  4 worms
  4 dart slugs
  7 leopard geckos
  123 orcs
  2 ball pythons (Snake:1)
  3 giant cockroaches
  7 hobgoblins
  17 jackals
  4 quokkas
  9 bats
  A dart slug zombie (Crypt:2)
  6 frilled lizards
  A giant cockroach zombie (D:5)
  8 goblins
  20 kobolds
  A leopard gecko skeleton (D:4)
  An orc skeleton (Dis:1)
  A quokka skeleton (D:4)
  A quokka zombie (Crypt:1)
  10 rats
  A rat skeleton (Crypt:1)
  8 ball lightnings (Depths:2)
  2 crawling corpses
  A lurking horror (Abyss:3)
  5 tentacles
3713 creatures vanquished.

Vanquished Creatures (collateral kills)
  Mara (Vaults:4)
  A Brimstone Fiend (Geh:7)
  A lich (Geh:7)
  A deep elf blademaster (Elf:3)
  A frost giant (Vaults:4)
  A draconian annihilator (Zot:4)
  A draconian shifter (Zot:4)
  A green draconian (Zot:4)
  A blizzard demon (Coc:7)
  A merfolk javelineer (Shoals:4)
  An ettin (Vaults:4)
  2 naga warriors (Snake:4)
  A hydra (Lair:5)
  A merfolk aquamancer (Shoals:4)
  A hell hog (Geh:7)
  An anaconda zombie (Coc:7)
  A sea snake (Shoals:1)
  An infernal demonspawn (Orc:2)
  A deep elf mage (Elf:1)
  2 salamanders
  A yaktaur (Depths:4)
  A red devil (Geh:7)
  A harpy zombie (Coc:7)
  A slime creature (shapeshifter) (Depths:2)
  A hydra skeleton (Geh:7)
  2 air elementals (Depths:2)
  2 flying skulls (Geh:2)
  A wraith (Coc:7)
  6 nagas
  2 wights (Geh:2)
  A crimson imp (Geh:2)
  An iron imp (Depths:1)
42 creatures vanquished.

Vanquished Creatures (others)
  Nikola (Depths:2)
  the Enchantress (Depths:2)
  A nagaraja (Snake:4)
  A draconian shifter (Zot:1)
  3 spriggan defenders (Depths:2)
  3 very ugly things (Depths:2)
  2 elemental wellsprings
  A draconian annihilator (Zot:4)
  An ogre mage (Depths:2)
  A naga warrior (Snake:4)
  An ice dragon (Depths:2)
  A spriggan air mage (Depths:2)
  2 hell hogs (Geh:7)
  A vampire mage (Depths:5)
  A shock serpent (Depths:2)
  A deep elf knight (Elf:3)
  A hell knight (Geh:3)
  A shadow wraith (Hell)
  A sea snake (Shoals:4)
  A skeletal warrior (Dis:6)
  A necromancer (Geh:3)
  An ugly thing (Depths:2)
  An efreet (Geh:6)
  2 tormentors
  A jumping spider (shapeshifter) (Depths:2)
  2 hornets (Depths:2)
  27 dancing weapons
  A slime creature (shapeshifter) (Depths:2)
  2 flying skulls (Geh:6)
  3 water elementals (Depths:2)
  5 spriggans (Depths:2)
  A wraith (D:10)
  A necrophage (Dis:7)
  A centaur skeleton (Geh:3)
  A white imp (Lair:4)
  An orc (Elf:1)
  A ball lightning (Depths:2)
  A bush (Lair:6)
  35 fungi
  141 plants
  37 tentacles
  6 withered plants
298 creatures vanquished.

Grand Total: 4053 creatures vanquished

Notes
Turn   | Place    | Note
-------+----------+-------------------------------------------
     0 | D:1      | bonscott the Vampire Transmuter began the quest for the
                  | Orb.
     0 | D:1      | Reached XP level 1. HP: 14/14 MP: 3/3
    96 | D:1      | Reached skill level 1 in Fighting
   217 | D:1      | Reached XP level 2. HP: 18/21 MP: 5/5
   748 | D:1      | Learned a level 2 spell: Wereblood
   994 | D:2      | Reached XP level 3. HP: 26/26 MP: 6/6
  1237 | D:2      | Noticed an ogre
  1287 | D:2      | Killed an ogre
  1288 | D:2      | Reached skill level 1 in Throwing
  1288 | D:2      | Reached skill level 1 in Armour
  1288 | D:2      | Reached XP level 4. HP: 30/33 MP: 3/7
  1403 | D:2      | Reached XP level 5. HP: 35/38 MP: 6/8
  1473 | D:2      | Reached skill level 4 in Unarmed Combat
  2209 | D:3      | Noticed Jessica
  2235 | D:3      | Killed Jessica
  2655 | D:3      | Reached XP level 6. HP: 17/44 MP: 8/10
  3129 | D:4      | Found a sparkling altar of Nemelex Xobeh.
  3521 | D:4      | Reached XP level 7. HP: 33/51 MP: 7/11
  4211 | D:5      | Entered Level 5 of the Dungeon
  4350 | D:5      | Found a burning altar of Makhleb.
  4358 | D:5      | Became a worshipper of Makhleb the Destroyer
  4509 | D:5      | Reached skill level 5 in Unarmed Combat
  4549 | D:5      | Found a snail-covered altar of Cheibriados.
  4565 | D:5      | Reached skill level 1 in Shields
  4565 | D:5      | Reached XP level 8. HP: 53/58 MP: 10/13
  4864 | D:5      | Learned a level 3 spell: Confusing Touch
  4909 | D:5      | Noticed Blork the orc
  4934 | D:5      | Killed Blork the orc
  5251 | D:6      | Noticed Maggie
  5271 | D:6      | HP: 2/57 [Maggie/bolt of fire (20)]
  5376 | D:6      | Reached skill level 1 in Hexes
  5435 | D:6      | Reached skill level 5 in Transmutations
  5476 | D:6      | Reached * piety under Makhleb
  5477 | D:6      | Reached skill level 5 in Dodging
  5835 | D:6      | Reached XP level 9. HP: 60/60 MP: 15/15
  5914 | D:6      | Killed Maggie
  6239 | D:6      | Found a broken altar of Ashenzari.
  6249 | D:6      | Found an ancient bone altar of Kikubaaqudgha.
  6580 | D:7      | Reached skill level 6 in Unarmed Combat
  6603 | D:7      | Reached ** piety under Makhleb
  6627 | D:7      | Found Kacuph's Magic Scroll Shop.
  6647 | D:7      | Bought a scroll of blinking for 97 gold pieces
  6647 | D:7      | Bought a scroll of fear for 45 gold pieces
  6713 | D:7      | Found a staircase to the Ecumenical Temple.
  6855 | D:7      | Noticed Harold
  7599 | D:8      | Reached *** piety under Makhleb
  7753 | D:8      | Found a transporter.
  7763 | D:8      | Noticed a moth of wrath
  7763 | D:8      | Noticed Mihun's ghost (novice DEWz)
  7764 | D:8      | Noticed a two-headed ogre
  7767 | D:8      | Found a bloodstained altar of Trog.
  7784 | D:8      | Found a transporter.
  7998 | D:9      | Reached skill level 5 in Spellcasting
  8015 | D:9      | Noticed a deep elf mage
  8091 | D:9      | Reached XP level 10. HP: 73/73 MP: 17/17
  8225 | D:9      | Found a staircase to the Orcish Mines.
  8253 | D:9      | Learned a level 1 spell: Apportation
  8516 | D:10     | Entered Level 10 of the Dungeon
  8699 | D:10     | Noticed a gargoyle
  8775 | D:9      | Killed a deep elf mage
  8776 | D:9      | Reached skill level 5 in Hexes
  8966 | D:10     | Reached skill level 5 in Fighting
  8992 | D:10     | Noticed Urug
  9034 | D:10     | Killed Urug
  9035 | D:10     | Reached skill level 7 in Unarmed Combat
  9268 | D:10     | Found a staircase to the Lair.
  9651 | D:10     | Killed a gargoyle
  9718 | D:10     | Found a runed translucent door.
  9719 | D:10     | Noticed a fire dragon
  9720 | D:10     | Noticed an ice dragon
  9721 | D:10     | Noticed a fire dragon
  9722 | D:10     | Noticed an ice dragon
  9723 | D:10     | Found the +2 shield of Resistance {rF++ rC++ Will++}
  9725 | D:10     | Noticed Sonja
  9746 | D:10     | Killed Sonja
  9811 | D:10     | Found a runed translucent door.
  9910 | D:10     | HP: 1/74 [fire dragon/blast of flame (23)]
 10368 | Orc:1    | Entered Level 1 of the Orcish Mines
 10368 | Orc:1    | Noticed an orc sorcerer
 10383 | D:9      | Killed an orc sorcerer
 10384 | D:9      | Reached XP level 11. HP: 80/80 MP: 15/19
 10805 | Orc:1    | Reached **** piety under Makhleb
 11022 | Orc:2    | Entered Level 2 of the Orcish Mines
 11042 | Orc:2    | Reached skill level 5 in Throwing
 11207 | Orc:2    | Noticed an orc high priest
 11261 | Orc:1    | Killed an orc high priest
 11262 | Orc:1    | Reached skill level 5 in Armour
 11507 | Orc:2    | Found a staircase to the Elven Halls.
 11618 | Orc:2    | Noticed a sun demon
 11651 | Orc:2    | Killed a sun demon
 11652 | Orc:2    | Reached skill level 5 in Shields
 11652 | Orc:2    | Reached skill level 8 in Unarmed Combat
 11932 | Orc:2    | Noticed an orc knight
 11970 | Orc:2    | Killed an orc knight
 12067 | Orc:2    | Noticed Saint Roka
 12833 | D:10     | Noticed Erolcha
 12842 | D:10     | Killed Erolcha
 12895 | D:10     | Noticed a death knight
 12979 | Lair:1   | Entered Level 1 of the Lair of Beasts
 13104 | Lair:1   | Reached skill level 1 in Invocations
 13104 | Lair:1   | Reached skill level 1 in Evocations
 13339 | Lair:1   | Reached skill level 1 in Translocations
 13523 | Lair:1   | Reached XP level 12. HP: 89/89 MP: 20/22
 13728 | Lair:1   | Reached ***** piety under Makhleb
 14718 | Lair:2   | Reached skill level 9 in Unarmed Combat
 15560 | Lair:3   | Noticed a dire elephant
 15627 | Lair:2   | Killed a dire elephant
 15721 | Lair:3   | Reached XP level 13. HP: 89/96 MP: 20/24
 16548 | Lair:4   | You fall into a shaft and drop 2 floors!
 16548 | Lair:6   | Entered Level 6 of the Lair of Beasts
 17118 | Lair:6   | Reached skill level 10 in Unarmed Combat
 17508 | Lair:6   | Paralysed by a hornet for 3 turns
 17742 | Lair:6   | Reached skill level 5 in Invocations
 17753 | Lair:6   | Reached skill level 5 in Evocations
 18134 | Lair:6   | Reached ****** piety under Makhleb
 18190 | Lair:5   | Reached XP level 14. HP: 69/106 MP: 12/26
 18452 | Lair:5   | Found a viscous altar of Jiyva.
 18452 | Lair:5   | Found a staircase to the Slime Pits.
 18947 | Lair:4   | Found a staircase to the Shoals.
 18957 | Lair:4   | Found a staircase to the Snake Pit.
 19342 | Lair:4   | Learned a level 3 spell: Lesser Beckoning
 21220 | D:10     | Noticed Psyche
 21230 | D:10     | Killed Psyche
 21275 | D:10     | Noticed Josephine
 21508 | D:10     | Reached skill level 11 in Unarmed Combat
 21567 | D:10     | Killed Josephine
 21966 | Orc:2    | Killed Saint Roka
 22128 | Orc:2    | Noticed Azrael
 22181 | Orc:2    | Killed Azrael
 22246 | Orc:2    | Learned a level 3 spell: Tukima's Dance
 22549 | Orc:2    | Found Wugh's General Store.
 22586 | Orc:2    | Found Nihaisar's Magic Scroll Boutique.
 22672 | Orc:2    | Bought a scroll of noise for 13 gold pieces
 22672 | Orc:2    | Bought a scroll of random uselessness for 13 gold pieces
 23056 | Orc:1    | Noticed Nergalle
 23072 | Orc:2    | Killed Nergalle
 23469 | Orc:1    | Reached XP level 15. HP: 103/113 MP: 22/28
 23976 | Orc:2    | Found Qukhlor's Antique Armour Emporium.
 23976 | Orc:2    | Found Peeth's Gadget Shoppe.
 23977 | Orc:2    | Found a one-way gate leading to the halls of Pandemonium.
 23994 | Orc:2    | Bought a wand of digging (2) for 120 gold pieces
 23994 | Orc:2    | Bought a wand of enslavement (10) for 120 gold pieces
 24023 | Orc:2    | Bought a scroll of teleportation for 39 gold pieces
 24023 | Orc:2    | Bought a scroll of identify for 26 gold pieces
 24023 | Orc:2    | Bought a scroll of blinking for 97 gold pieces
 24023 | Orc:2    | Bought a scroll of teleportation for 39 gold pieces
 24023 | Orc:2    | Bought a scroll of teleportation for 39 gold pieces
 24023 | Orc:2    | Bought a scroll of identify for 26 gold pieces
 24023 | Orc:2    | Bought a scroll of identify for 26 gold pieces
 24023 | Orc:2    | Bought a scroll of teleportation for 39 gold pieces
 24023 | Orc:2    | Bought 2 scrolls of holy word for 195 gold pieces
 24497 | D:11     | Found a runed translucent gate.
 24497 | D:11     | Found a runed translucent gate.
 24501 | D:11     | Found a runed translucent gate.
 24543 | D:11     | Identified the +5 battleaxe "Vuclyfen" {protect, +Inv
                  | Str+2}
 24544 | D:11     | Noticed bogs101's ghost (journeyman DEWz)
 24547 | D:11     | Found a roughly hewn altar of Beogh.
 24548 | D:11     | Found the +3 robe of Clouds {+Thunder rCloud rElec}
 24582 | D:11     | Killed bogs101's ghost
 24638 | D:11     | Got a pair of encrusted gloves
 24643 | D:11     | Identified the +0 pair of gloves "Viaffa" {Regen+ Int+3}
                  | (You found it on level 11 of the Dungeon)
 24798 | D:11     | Found a portal to a secret trove of treasure.
 25807 | D:12     | Identified the +2 ring mail of the Lobster {Str+5} (You
                  | found it on level 12 of the Dungeon)
 26463 | D:7      | Bought a scroll of fear for 45 gold pieces
 26463 | D:7      | Bought a scroll of enchant armour for 97 gold pieces
 26463 | D:7      | Bought a scroll of identify for 26 gold pieces
 26463 | D:7      | Bought a scroll of identify for 26 gold pieces
 26885 | D:13     | Found a gate to the Vaults.
 28147 | D:14     | Reached skill level 12 in Unarmed Combat
 28257 | D:14     | Paralysed by a hornet for 3 turns
 28290 | D:14     | Found a blossoming altar of Fedhas.
 28359 | D:14     | Reached skill level 10 in Spellcasting
 28616 | D:14     | Reached skill level 10 in Fighting
 28823 | D:14     | Reached XP level 16. HP: 102/122 MP: 17/30
 28879 | D:14     | Found Tokaagur's Demolitions Depot.
 28975 | D:15     | Entered Level 15 of the Dungeon
 29071 | D:15     | Noticed Louise
 29073 | D:15     | Noticed Nessos
 29460 | Snake:1  | Entered Level 1 of the Snake Pit
 30234 | Lair:4   | Learned a level 5 spell: Blade Hands
 30338 | Snake:1  | Reached skill level 10 in Hexes
 32175 | Snake:2  | Got a faintly glowing steel ring
 32181 | Snake:1  | Identified the cursed ring of Ataschax {Will+ Int+3 Dex-4}
                  | (You found it on level 2 of the Snake Pit)
 34276 | Snake:3  | Reached skill level 10 in Shields
 34694 | Snake:3  | Reached skill level 10 in Transmutations
 34775 | Snake:3  | Reached XP level 17. HP: 128/129 MP: 21/31
 35705 | Snake:4  | Entered Level 4 of the Snake Pit
 36419 | Snake:4  | Found a gateway to a bazaar.
 36644 | Bazaar   | Entered a bazaar
 36644 | Bazaar   | Found Nuhacvuy's Antique Weapon Shoppe.
 36644 | Bazaar   | Found Nuxawn's Distillery.
 36648 | Bazaar   | Found Tulorgh's Antique Armour Shoppe.
 36660 | Bazaar   | Found Ruunaesch's Antique Weapon Emporium.
 36686 | Bazaar   | Bought a translucent hat for 288 gold pieces
 36687 | Bazaar   | Identified the +0 hat "Xyhehogg" {rN+ Str+4} (You bought it
                  | in a shop in a bazaar)
 36707 | Bazaar   | Bought a potion of mutation for 128 gold pieces
 36707 | Bazaar   | Bought 2 potions of heal wounds for 160 gold pieces
 36707 | Bazaar   | Bought a potion of lignification for 48 gold pieces
 36707 | Bazaar   | Bought a potion of berserk rage for 80 gold pieces
 37888 | Snake:4  | Reached skill level 13 in Unarmed Combat
 38207 | Snake:4  | Reached skill level 10 in Armour
 39467 | Snake:4  | Got a serpentine rune of Zot
 39891 | Shoals:1 | Entered Level 1 of the Shoals
 40255 | Elf:1    | Entered Level 1 of the Elven Halls
 40637 | Elf:1    | Reached XP level 18. HP: 138/138 MP: 33/33
 41092 | Elf:1    | Noticed Kirke
 41149 | Elf:1    | Killed Kirke
 41653 | Elf:1    | Identified Ducuj's Papyrus of Calling
 41660 | Elf:1    | Learned a level 4 spell: Summon Lightning Spire
 41773 | Elf:1    | Found Fisiokao's Gadget Emporium.
 41779 | Elf:1    | Bought a wand of paralysis (10) for 132 gold pieces
 41779 | Elf:1    | Bought a wand of paralysis (7) for 99 gold pieces
 41969 | Elf:1    | Noticed an Ice Fiend
 41991 | Elf:1    | Reached skill level 1 in Summonings
 42082 | Elf:1    | Reached skill level 1 in Air Magic
 42421 | Elf:2    | Found Udoxaf's Book Shoppe.
 42500 | Elf:2    | Found the +3 warlock's mirror {reflect}
 42624 | Elf:2    | Identified a scroll of acquirement
 42625 | Elf:2    | Identified the +9 glaive of the Glimmering Pariah {flame,
                  | rC+ Str+2 Int+4 Dex+2} (You found it on level 2 of the
                  | Elven Halls)
 42724 | Elf:2    | Found a runed translucent gate.
 42724 | Elf:2    | Found a runed translucent gate.
 42724 | Elf:2    | Found a runed translucent gate.
 43190 | Elf:2    | Reached skill level 10 in Invocations
 43727 | D:10     | Acquired the +17 plate armour of the Centipede {+Fly Will+
                  | Regen+ Slay+3}
 43979 | Elf:2    | Reached skill level 14 in Unarmed Combat
 44545 | Elf:3    | Entered Level 3 of the Elven Halls
 44680 | Elf:3    | Acquired the +9 hunting sling of Excruciating Pain {speed,
                  | rF+ Int+5}
 44869 | Elf:3    | Found a radiant altar of Vehumet.
 45064 | Elf:3    | Found Sadenun's Gadget Shop.
 45234 | Elf:3    | Reached XP level 19. HP: 146/146 MP: 34/34
 45506 | Elf:3    | Noticed a Tzitzimitl
 46673 | Elf:3    | Identified the +9 rapier of the Bespelling Fool {vorpal,
                  | rN+}
 46673 | Elf:3    | Identified the +2 robe of Somewhere Else {rPois rN+ Str-2}
 46673 | Elf:3    | Identified the ring of Paptiqah {rN+ MP+9 Int-3 Dex+2
                  | Stlth+}
 47708 | Elf:3    | Identified the Almanac of Bewitching Translocation
 48229 | Elf:3    | Identified Zid Xuy's Collected Works on the Excruciating
                  | Mountains
 48232 | Elf:3    | Identified the Volume of the Supportive Volcanoes
 49905 | Lair:4   | Learned a level 2 spell: Passwall
 50545 | D:15     | Killed Nessos
 50576 | D:15     | Killed Louise
 50761 | D:15     | Found a staircase to the Depths.
 51032 | Vaults:1 | Entered Level 1 of the Vaults
 51870 | D:13     | Reached skill level 5 in Summonings
 51916 | Vaults:1 | Reached skill level 5 in Air Magic
 52735 | Vaults:1 | Reached XP level 20. HP: 154/154 MP: 36/36
 52791 | Vaults:1 | Noticed Donald
 52824 | Vaults:1 | Killed Donald
 53478 | Vaults:1 | Found a runed translucent door.
 53478 | Vaults:1 | Found a shimmering altar of Xom.
 53480 | Vaults:1 | Identified the +10 great sword "Gaol" {chaos, +Inv rC+
                  | Will++ Int-4}
 53480 | Vaults:1 | Noticed Nornya's ghost (veteran MfSu)
 53732 | Vaults:1 | Learned a level 5 spell: Borgnjor's Vile Clutch
 53739 | Vaults:1 | Learned a level 5 spell: Lee's Rapid Deconstruction
 54046 | Vaults:2 | Noticed Jory
 54113 | Vaults:2 | Killed Jory
 54138 | Vaults:2 | You fall into a shaft and drop 2 floors!
 54146 | Vaults:4 | Reached skill level 1 in Necromancy
 54146 | Vaults:4 | Reached skill level 1 in Earth Magic
 54184 | Vaults:4 | Noticed Mara
 54192 | Vaults:4 | Noticed bonscott's illusion
 54217 | Vaults:3 | Found Hoanwos's Weapon Boutique.
 54314 | Vaults:3 | Reached skill level 1 in Slings
 54471 | Vaults:3 | Learned a level 1 spell: Animate Skeleton
 54476 | Vaults:3 | Learned a level 4 spell: Animate Dead
 54477 | Vaults:3 | Found a runed translucent door.
 54477 | Vaults:3 | Noticed Droegar's ghost (adept MiBe)
 54913 | Vaults:3 | Found Macs's Weapon Emporium.
 55743 | Vaults:2 | Reached skill level 15 in Unarmed Combat
 56140 | D:14     | Bought a manual of Evocations for 1545 gold pieces
 56338 | Vaults:3 | Found Zepy's Antique Armour Emporium.
 56416 | Vaults:3 | Found Operchut's Jewellery Emporium.
 56429 | Vaults:3 | Bought a cursed ring of attention for 67 gold pieces
 56567 | Vaults:3 | Found a staircase to the Crypt.
 56914 | Vaults:3 | Found Nohiq's Assorted Antiques.
 56916 | Vaults:3 | Found Liriw's Gadget Boutique.
 57418 | Vaults:4 | Noticed bonscott's illusion
 57440 | Vaults:4 | Killed Mara
 57826 | Vaults:4 | Reached XP level 21. HP: 161/161 MP: 37/37
 58186 | Vaults:4 | Acquired 790 gold pieces
 58389 | Vaults:4 | Acquired the ring "Epoof" {*Slow rN+ rCorr Slay+3}
 59325 | Vaults:3 | Bought a pair of slimy boots for 304 gold pieces
 59326 | Vaults:3 | Identified the cursed +0 pair of boots of the Ancient
                  | Visions {Dex+5} (You bought it in a shop on level 3 of the
                  | Vaults)
 59338 | Vaults:3 | Bought a slimy helmet for 304 gold pieces
 59340 | Vaults:3 | Identified the +2 helmet of the Friends {rPois rN+} (You
                  | bought it in a shop on level 3 of the Vaults)
 60125 | Shoals:1 | Noticed Jorgrun
 60126 | Shoals:1 | Noticed Roxanne
 60142 | Shoals:1 | Killed Jorgrun
 60514 | Shoals:1 | Found Myma's Jewellery Shoppe.
 60548 | Shoals:1 | Bought the ring of Fywor {Wiz +Fly Str+3} for 635 gold
                  | pieces
 61609 | Shoals:3 | Noticed Polyphemus
 62197 | Shoals:3 | Found a runed translucent door.
 62197 | Shoals:3 | Noticed Cedruin's ghost (adept DrAr)
 62295 | Shoals:3 | Killed Polyphemus
 62409 | Shoals:4 | Entered Level 4 of the Shoals
 62464 | Shoals:4 | Reached skill level 5 in Necromancy
 63577 | Shoals:4 | Got a barnacled rune of Zot
 64016 | Shoals:4 | Reached skill level 5 in Earth Magic
 64048 | Shoals:4 | Identified Dil Upas's Tome of Creative Changing
 64486 | D:10     | Learned a level 6 spell: Hydra Form
 64638 | Depths:1 | Entered Level 1 of the Depths
 64714 | Depths:1 | Found Kiomn's Book Emporium.
 64792 | Depths:1 | Noticed Agnes
 64813 | Depths:1 | Killed Agnes
 64868 | Depths:1 | Found Ylael's Magic Scroll Shop.
 64868 | Depths:1 | Noticed Sojobo
 65202 | Vaults:3 | Killed Droegar's ghost
 65385 | Vaults:5 | Entered Level 5 of the Vaults
 65601 | Vaults:4 | Reached XP level 22. HP: 169/169 MP: 39/39
 65964 | Vaults:5 | Noticed a golden dragon
 66274 | Vaults:4 | Killed a golden dragon
 66275 | Vaults:4 | Reached skill level 10 in Evocations
 66338 | Vaults:5 | Noticed an ancient lich
 66393 | Vaults:4 | Killed an ancient lich
 66394 | Vaults:4 | Reached skill level 5 in Slings
 66394 | Vaults:4 | Reached skill level 16 in Unarmed Combat
 66434 | Vaults:5 | Noticed a golden dragon
 66535 | Vaults:4 | Killed a golden dragon
 67266 | Vaults:5 | Identified the +5 mace of Dufulu {venom, Dex+2 Stlth+}
 67400 | Vaults:5 | Noticed a golden dragon
 67412 | Vaults:5 | Killed a golden dragon
 67759 | Vaults:5 | Found the amulet of Vitality {Regen+ HP+15}
 67761 | Vaults:5 | Identified the +0 pearl dragon scales of Egalitarianism
                  | {rN+ Str+4} (You found it on level 5 of the Vaults)
 68209 | Vaults:5 | Reached XP level 23. HP: 160/169 MP: 40/40
 68494 | Vaults:5 | Got a silver rune of Zot
 69207 | Vaults:5 | Identified the +3 great sword of Equivalence {venom, *Slow
                  | rElec rPois Will-}
 69435 | Vaults:5 | Learned a level 2 spell: Swiftness
 69497 | Vaults:5 | Identified Quttuaz's Disquisition on the Compass
 69515 | Vaults:5 | Identified the +2 long sword "Hell-Harrower" {freeze,
                  | *Contam rF+ rC+} (You found it on level 5 of the Vaults)
 69824 | Vaults:5 | Identified the Catalogue of Igneous Venom
 69911 | Vaults:5 | Identified the +10 halberd of Maax {speed, +Rage} (You
                  | found it on level 5 of the Vaults)
 70750 | D:15     | Killed Sojobo
 71221 | Depths:1 | Noticed Asterion
 71235 | Depths:1 | Killed Asterion
 71287 | Depths:1 | Found a one-way gate to the infinite horrors of the Abyss.
 71289 | Depths:1 | Found a gateway to Hell.
 71754 | Depths:1 | Found Vevvom's Assorted Antiques.
 71758 | Depths:1 | Found Kimedel's Distillery.
 71759 | Depths:1 | Found Kaulux's Gadget Emporium.
 71768 | Depths:1 | Bought a potion of heal wounds for 55 gold pieces
 71768 | Depths:1 | Bought 2 potions of heal wounds for 110 gold pieces
 71951 | Depths:1 | Found Jenaz's Magic Scroll Shop.
 72395 | Depths:1 | Bought a scroll of blinking for 90 gold pieces
 72432 | Depths:1 | Bought a scroll of blinking for 150 gold pieces
 72765 | Depths:2 | Identified the +9 hand crossbow of Doom {penet, *Drain
                  | Int+6 Dex+9} (You found it on level 2 of the Depths)
 72796 | Depths:2 | Paralysed by a floating eye for 2 turns
 72839 | Depths:2 | Reached skill level 17 in Unarmed Combat
 72915 | Depths:2 | Noticed the Enchantress
 72920 | Depths:2 | Noticed Nikola
 72941 | Depths:2 | Killed the Enchantress
 72951 | Depths:2 | Noticed a juggernaut
 72951 | Depths:2 | a shadow dragon changed into a juggernaut
 72961 | Depths:2 | a juggernaut changed into an acid blob
 72970 | Depths:2 | Reached XP level 24. HP: 185/185 MP: 40/41
 72973 | Depths:2 | Killed Nikola
 73270 | Depths:2 | Noticed a juggernaut
 73271 | Depths:2 | a juggernaut changed into a titan
 73277 | Depths:2 | Noticed a shard shrike
 73279 | Depths:2 | Noticed a juggernaut
 73279 | Depths:2 | a shard shrike changed into a juggernaut
 73287 | Depths:2 | a juggernaut changed into a titan
 73290 | Depths:2 | Noticed a juggernaut
 73290 | Depths:2 | a titan changed into a juggernaut
 73293 | Depths:2 | Noticed a shard shrike
 73293 | Depths:2 | a juggernaut changed into a shard shrike
 73298 | Depths:2 | Killed a shard shrike
 73366 | Depths:2 | Found the +12 Vampire's Tooth {vamp}
 73404 | Depths:2 | Found the -2 hat of the Alchemist {rElec rPois rF+ rC+ rN+
                  | Will+ rMut rCorr}
 73408 | Depths:2 | Identified the Guide on Hurtful Ignition
 73451 | Depths:2 | Identified a +1 pair of boots of running (You found it on
                  | level 2 of the Depths)
 76885 | Depths:3 | Reached skill level 10 in Necromancy
 76885 | Depths:3 | Reached XP level 25. HP: 192/192 MP: 41/41
 77563 | Depths:4 | Paralysed by a floating eye for 3 turns
 77569 | Depths:4 | Paralysed by a floating eye for 2 turns
 78006 | Depths:4 | Reached skill level 18 in Unarmed Combat
 78112 | Depths:4 | Reached XP level 26. HP: 196/198 MP: 41/41
 78168 | Depths:4 | Reached skill level 10 in Earth Magic
 78400 | Depths:4 | Identified the +5 broad axe of Exhibitionism {flame, rN+
                  | Str+7} (You found it on level 4 of the Depths)
 79023 | Depths:5 | Entered Level 5 of the Depths
 79559 | Depths:5 | Found a gate to the Realm of Zot.
 79956 | Depths:5 | Reached skill level 15 in Spellcasting
 80148 | Depths:5 | Found a gateway to a ziggurat.
 80962 | Slime:1  | Entered Level 1 of the Pits of Slime
 80986 | Lair:5   | Reached skill level 15 in Fighting
 81337 | Slime:2  | Noticed Dissolution
 81355 | Slime:1  | Killed Dissolution
 81967 | Slime:3  | Found a viscous altar of Jiyva.
 82393 | Slime:2  | Gained mutation: Your spells are a little easier to cast,
                  | but a little less powerful. [a shining eye]
 82509 | Slime:2  | Gained mutation: Your flesh is heat resistant. (rF+) [a
                  | shining eye]
 82511 | Slime:2  | Reached skill level 19 in Unarmed Combat
 82554 | Slime:2  | Gained mutation: You are dopey. (Int -2) [a shining eye]
 83158 | Slime:5  | Entered Level 5 of the Pits of Slime
 83554 | Slime:5  | Reached XP level 27. HP: 207/207 MP: 42/42
 83996 | Slime:5  | Noticed the Royal Jelly
 84011 | Slime:5  | Killed the Royal Jelly
 84012 | Slime:5  | Reached skill level 15 in Shields
 84722 | Slime:5  | Acquired 540 gold pieces
 84746 | Slime:5  | Identified the +10 hunting sling of the Elven Halls {flame,
                  | rN+ Int+4} (You found it on level 5 of the Pits of Slime)
 84758 | Slime:5  | Got a slimy rune of Zot
 84789 | Slime:5  | Lost mutation: You are dopey. (Int -2) [potion of mutation]
 84789 | Slime:5  | Lost mutation: Your spells are a little easier to cast, but
                  | a little less powerful. [potion of mutation]
 84789 | Slime:5  | Gained mutation: Your body sometimes deteriorates upon
                  | taking damage. [potion of mutation]
 84835 | Slime:5  | Identified the cursed +0 short sword of Indomitability
                  | {antimagic, rF+ rC+} (You found it on level 5 of the Pits
                  | of Slime)
 85224 | Depths:1 | Bought a book of Hexes for 600 gold pieces
 85271 | Depths:1 | Bought a potion of lignification for 33 gold pieces
 85273 | Depths:1 | Bought a potion of mutation for 88 gold pieces
 85273 | Depths:1 | Gained mutation: Armour fits poorly on your strangely
                  | shaped body. [potion of mutation]
 85273 | Depths:1 | Gained mutation: You have large cloven feet. [potion of
                  | mutation]
 85274 | Depths:1 | Bought a potion of haste for 110 gold pieces
 85274 | Depths:1 | Bought a potion of haste for 110 gold pieces
 85274 | Depths:1 | Bought a potion of magic for 88 gold pieces
 85294 | Depths:1 | Lost mutation: Armour fits poorly on your strangely shaped
                  | body. [potion of mutation]
 85294 | Depths:1 | Lost mutation: Your body sometimes deteriorates upon taking
                  | damage. [potion of mutation]
 85348 | Hell     | Entered the Vestibule of Hell
 85348 | Hell     | Noticed Geryon
 85418 | Depths:3 | Learned a level 6 spell: Statue Form
 86700 | Hell     | Killed Geryon
 87099 | Vaults:3 | Bought a papyrus book for 480 gold pieces
 87102 | Vaults:3 | Learned a level 2 spell: Blink
 87505 | Crypt:1  | Entered Level 1 of the Crypt
 88992 | Crypt:2  | Noticed Mennas
 89344 | Crypt:3  | Entered Level 3 of the Crypt
 89864 | Crypt:3  | Noticed Khufu
 90434 | Hell     | Found a gateway to the decaying netherworld of Tartarus.
 90547 | Hell     | Found a gateway to the ashen valley of Gehenna.
 90621 | Hell     | Found a gateway to the Iron City of Dis.
 90695 | Hell     | Found a gateway to the freezing wastes of Cocytus.
 90907 | Zot:1    | Entered Level 1 of the Realm of Zot
 91397 | Zot:1    | Found a runed translucent door.
 91397 | Zot:1    | Found a shimmering altar of Xom.
 91397 | Zot:1    | Noticed Toelubet's ghost (veteran CeHu)
 91690 | Zot:1    | Acquired a book of the Warp
 92064 | Zot:2    | Noticed an orb of fire
 92092 | Zot:1    | Killed an orb of fire
 92093 | Zot:1    | Reached skill level 10 in Slings
 92126 | Zot:2    | Reached skill level 20 in Unarmed Combat
 92284 | Zot:1    | Learned a level 4 spell: Passage of Golubria
 93885 | Zot:3    | Reached skill level 15 in Invocations
 95472 | Zot:4    | Noticed an orb of fire
 95490 | Zot:4    | Gained mutation: Your body sometimes deteriorates upon
                  | taking damage. [an orb of fire]
 95513 | Zot:4    | Killed an orb of fire
 95514 | Zot:4    | Reached skill level 15 in Evocations
 96639 | D:10     | Learned a level 5 spell: Summon Mana Viper
 96868 | Geh:1    | Entered Level 1 of Gehenna
 97481 | Geh:3    | Reached skill level 10 in Throwing
 97730 | Geh:3    | Reached skill level 15 in Armour
 98552 | Geh:7    | Entered Level 7 of Gehenna
 98701 | Geh:7    | Reached skill level 10 in Dodging
 99166 | Geh:7    | Found the +3 sling "Punk" {acid, rCorr}
 99249 | Geh:7    | Identified the +3 dagger of Spontaneous Combustion {holy,
                  | Fragile rN++ Dex+3 SInv} (You found it on level 7 of
                  | Gehenna)
 99317 | Geh:7    | Identified the +7 sceptre of Asmodeus
 99317 | Geh:7    | Noticed Asmodeus
 99458 | Geh:7    | Reached skill level 10 in Summonings
 99489 | Geh:7    | Killed Asmodeus
 99501 | Geh:7    | Identified Sif Muna's Guide on the Unstable Glacier
 99524 | Geh:7    | Identified the Tome of the Shore
 99537 | Geh:7    | Got an obsidian rune of Zot
 99542 | Geh:7    | Identified the ring "Qoisea Jopiu" {*Corrode rElec rPois
                  | Str+6 Slay+2} (You found it on level 7 of Gehenna)
100223 | Depths:2 | Lost mutation: You have large cloven feet. [potion of
                  | mutation]
100223 | Depths:2 | Lost mutation: Your body sometimes deteriorates upon taking
                  | damage. [potion of mutation]
100223 | Depths:2 | Gained mutation: Your spells are a little easier to cast,
                  | but a little less powerful. [potion of mutation]
100223 | Depths:2 | Gained mutation: You are strong-willed. (Will+) [potion of
                  | mutation]
100314 | Coc:1    | Entered Level 1 of Cocytus
101341 | Coc:7    | Entered Level 7 of Cocytus
101563 | Coc:7    | Reached skill level 15 in Hexes
101585 | Coc:7    | Noticed the Serpent of Hell
101603 | Coc:7    | Killed the Serpent of Hell
102131 | Coc:6    | Reached skill level 21 in Unarmed Combat
102815 | Coc:7    | Noticed Antaeus
104839 | Depths:3 | Killed Antaeus
106586 | Coc:7    | Got an icy rune of Zot
106681 | Dis:1    | Entered Level 1 of the Iron City of Dis
109218 | Dis:4    | Cast into level 3 of the Abyss (reaper)
109732 | Dis:4    | Escaped the Abyss
110288 | Dis:6    | Found a huge runed gate.
110288 | Dis:6    | Found a huge runed gate.
110288 | Dis:6    | Found a huge runed gate.
110288 | Dis:6    | Found a huge runed gate.
110289 | Dis:6    | Found a huge runed gate.
110300 | Dis:6    | Found a huge runed gate.
110301 | Dis:6    | Found a huge runed gate.
110302 | Dis:6    | Found a huge runed gate.
110303 | Dis:6    | Found a huge runed gate.
110304 | Dis:6    | Found a huge runed gate.
110305 | Dis:6    | Found a huge runed gate.
110317 | Dis:6    | HP: 3/172 [hellion/damnation (32)]
111250 | Dis:6    | Reached skill level 15 in Earth Magic
111423 | Dis:7    | Entered Level 7 of the Iron City of Dis
112431 | Dis:7    | Found the +9 heavy crossbow "Sniper" {vorpal, Acc+∞ SInv}
112591 | Dis:7    | Reached skill level 22 in Unarmed Combat
113471 | Dis:7    | Killed from afar by a Hell Sentinel

Illustrated notes

Levels and vault maps discovered:
D:1:      ncdulo_smallfort, layout_basic, grunt_decor_one_mirror
D:2:      layout_basic, kennysheep_donut, minmay_tripent
D:3:      layout_loops_ring, lexackson_kobold_supper, uniq_jessica
D:4:      minmay_inner_zag, layout_layer_cave, nemelex_xobeh_ov_fountains_minmay
D:5:      layout_basic, general_overflow_altar, basic_altar, serial_curves,
          eino_curves_04, eino_curves_02, hex_medium, minmay_strange_pillars,
          uniq_blork_the_orc
D:6:      layout_loops_ring, gammafunk_temple_overflow_pools, uniq_maggie
D:7:      layout_rooms, minmay_temple_entry_wispy, serial_shops, shop,
          uniq_harold
D:8:      layout_basic, gammafunk_ghost_wrathful_warriors
D:9:      layout_rooms, orc_0_dummy, minmay_misc_feat_enclosed
D:10:     layout_stronghold, erik_lair_orcish_takeover,
          minmay_guarded_unrand_resistance, uniq_erolcha, uniq_josephine,
          uniq_psyche, uniq_sonja, uniq_urug
D:11:     layout_basic, enter_trove_6, biasface_ghost_orc_armoury
D:12:     layout_layer_cave
D:13:     layout_rooms, skrybe_vaults_entry_preservation
D:14:     layout_loops_cross, hangedman_abyss_or_decor_passed,
          nicolae_blasting_shop, fedhas_altar_fruit_tree
D:15:     grunt_enter_depths_magical_seal, layout_long_grid, minivault_23,
          uniq_louise, uniq_nessos
Lair:1:   layout_regular_city, fungi_pond_lemuel, serial_bayou_shore_b
Lair:2:   wander_river, layout_long_grid, grunt_megastairs_1,
          lemuel_fruit_fields, lemuel_fruit_fields
Lair:3:   mu_elephants_graveyard, layout_loops_ring
Lair:4:   layout_misc_corridors, elwin_shoals_entry_rocks,
          guppyfry_snake_entry_island, bobbens_ice_dragon_lair,
          minmay_lair_oklob_chamber
Lair:5:   layout_cave_shapes, slime_altar_1, lemuel_fruit_fields
Lair:6:   minmay_lair_end_enchanted_forest, layout_hall_layers,
          grunt_megastairs_5
Shoals:1: layout_shoals, portal_ice_cave_entry_pillars_three, serial_shops,
          nicolae_shop_stone, uniq_jorgrun, uniq_roxanne
Shoals:2: layout_shoals, abandoned_shop, uniq_ilsuiw
Shoals:3: layout_shoals, ebering_ghost_inner_flame, uniq_polyphemus
Shoals:4: shoals_end_hangedman, layout_shoals, nicolae_shoals_circle_sea_wall
Snake:1:  minmay_snake_river, layout_gridlike, nicolae_snake_lava_pool
Snake:2:  layout_gridlike, serial_corexii_hall, chequers_hall_statues_wall_a,
          corexii_hall_statues_x, nicolae_snake_squiggles, lemuel_fruit_tree
Snake:3:  layout_layer_cave, serial_bayou_lagoon_b
Snake:4:  johnstein_snake_rune_scales, layout_gridlike, serial_shops,
          bzr_entry_dummy, st_stairs_2
Slime:1:  layout_caves
Slime:2:  layout_caves, dissolution_awaits
Slime:3:  cheibrodos_slime_lost_civilization_10, layout_caves, basic_altar
Slime:4:  layout_caves
Slime:5
Orc:1:    layout_caves, uniq_nergalle
Orc:2:    pf_orc_diabolical, layout_diamond_mine, uniq_saint_roka, uniq_azrael
Elf:1:    minmay_elf_arrival_summoners, layout_loops_corners, serial_shops,
          shop, minmay_elf_demonology, hangedman_elf_represent, uniq_kirke
Elf:2:    layout_loops_corners, serial_shops, nicolae_shop_crystal
Elf:3:    elf_hall_gauntlet_wide, layout_geoelf_octagon, basic_altar,
          serial_shops, shop, grunt_ministairs_4, lemuel_flamethrower_hall
Vaults:1: ebering_vaults_ghost_xom, hangedman_vaults_trim,
          ontoclasm_vaults_shuriken, v_misc_3, v_rooms_1,
          nicolae_vaults_specimen_jars, vaults_room_door_hall,
          vaults_dpeg_doors, nicolae_vaults_what_the_h, ontoclasm_vaults_fault,
          layout_vaults_omnibox, uniq_donald
Vaults:2: v_misc_24, hangedman_vaults_maws, v_misc_27, hangedman_vaults_hat,
          nicolae_vaults_diagonal_hallway_9, nicolae_vaults_network_barrier,
          v_misc_9, vaults_room_door_ring, nicolae_vaults_gold_heap,
          layout_vaults_ring, uniq_jory
Vaults:3: gammafunk_vaults_ghost_grave, nicolae_vaults_little_squares_6,
          minmay_crypt_entry_vampire_xt, grunt_vaults_focal,
          hangedman_vaults_impose, vaults_room_mumra_shop_pool,
          ontoclasm_vaults_ligature, nicolae_vaults_little_squares_3,
          nicolae_vaults_little_squares_2, layout_vaults_omnigrid, serial_shops,
          nicolae_shop_crystal, shop,
          nicolae_shop_temple_entry_statues_fountains, shop, shop
Vaults:4: v_misc_33, nicolae_vaults_ring_of_whatevers, ontoclasm_vaults_chip,
          nicolae_vaults_network_quinsquares
          [nicolae_vaults_network_quincunx_subvault,
          nicolae_vaults_network_quincunx_subvault,
          nicolae_vaults_network_quincunx_subvault,
          nicolae_vaults_network_quincunx_subvault],
          nicolae_vaults_ring_of_whatevers, ontoclasm_vaults_ring_small,
          nicolae_vaults_ring_of_whatevers, vaults_dpeg_encased_lava, v_misc_3,
          nicolae_vaults_shelves_hall, layout_vaults_big_room, uniq_mara,
          uniq_margery
Vaults:5
Crypt:1:  layout_chaotic_city, minivault_11
Crypt:2:  layout_gridlike, uniq_mennas
Crypt:3:  evilmike_haunted_forest, uniq_khufu
Depths:1: layout_honeycomb, grunt_decor_arrowhead, grunt_hell_entry_dis_grunt,
          pan_entry, abyss_entry, serial_shops, bzr_entry_dummy,
          nicolae_shop_temple_entry_statues_fountains, kennysheep_mini_moat,
          shop, minmay_misc_feat_four_crosses, sword_in_stone, minmay_shop_star,
          uniq_sojobo, uniq_asterion
Depths:2: radiant_caverns_b_rkd, hell_entry, uniq_enchantress, uniq_nikola
Depths:3: lemuel_troll_bridge, layout_gridlike, rand_demon_pan_entry_7,
          grunt_mini_vestibule, minmay_misc_feat_plants, minmay_staircase_bubble
Depths:4: minmay_tearing_corner, layout_honeycomb, grunt_decor_resistance,
          hell_entry, abyss_entry, roderic_roman_lattice,
          roderic_lattice_octagonal_star, serial_bayou_shore_b,
          minmay_staircase_windowed_small
Depths:5: grunt_zot_entry_gee_three, layout_small_grid, enter_ziggurat_d,
          hell_entry, abyss_entry, ebering_dispersal_statue_hall,
          serial_bayou_shore_a
Hell
Dis:1:    hangedman_iron_city_apartments, layout_subdivisions
Dis:2:    layout_subdivisions, hangedman_dis_decor_blocks_talon
Dis:3:    layout_gridville, hangedman_dis_decor_tower
Dis:4:    layout_overlapping_boxes, hangedman_dis_decor_blocks_crown
Dis:5:    layout_subdivisions
Dis:6:    layout_regular_city, door_vault
Dis:7:    dis_hangedman
Geh:1:    layout_gehenna_lava_caves
Geh:2:    layout_gehenna_lava_caves, gehenna_fire_generator
Geh:3:    layout_gehenna_lava_caves
Geh:4:    layout_gehenna_pools_box
Geh:5:    layout_gehenna_lava_caves
Geh:6:    layout_gehenna_pools_basic
Geh:7:    geh_mu
Coc:1:    layout_cocytus_water_paths
Coc:2:    layout_cocytus_water_paths, serial_ice
Coc:3:    layout_cocytus_water_paths
Coc:4:    layout_ice_bergs
Coc:5:    layout_ice_bergs
Coc:6:    layout_ice_bergs
Coc:7:    coc_dpeg
Zot:1:    layout_cathedral_of_symmetry, ebering_ghost_xom
Zot:2:    layout_gridlike, st_stairs_11, zot_minivault_1
Zot:3:    layout_concentric_octagons, st_small_dragon_hoard_2
Zot:4:    layout_twisted_circle

Skill      XL: |  1  2  3  4  5  6  7  8  9 10 11 12 13 14 15 16 17 18 19 20 21 22 23 24 25 26 27 |
---------------+----------------------------------------------------------------------------------+-----
Fighting       | 1 2 3 4 5 6 7 8 9 10 11 12 13 14 15 17 | 17.9
Throwing       | 1 2 3 4 5 6 7 8 9 12 | 12.6
Armour         | 1 2 3 4 5 6 7 8 9 10 11 12 13 14 16 | 16.5
Unarmed Combat | 4 5 6 7 8 9 10 11 12 13 14 15 16 17 18 19 22 | 22.1
Transmutations | 3 4 5 6 7 9 10 11 12 | 12.1
Dodging        | 3 4 5 13 | 13.6
Spellcasting   | 3 4 5 6 7 8 9 10 11 12 13 14 15 17 | 17.9
Shields        | 1 2 3 4 5 6 7 8 9 10 11 12 13 14 17 | 17.7
Hexes          | 2 4 6 7 9 11 18 | 18.2
Invocations    | 1 3 5 6 7 8 9 10 11 12 13 14 17 | 17.1
Evocations     | 1 3 5 6 7 9 11 12 13 14 17 | 17.0
Translocations | 1 2 3 4 |  4.0
Summonings     | 3 5 14 | 14.9
Air Magic      | 3 5 |  5.6
Necromancy     | 3 6 7 9 10 11 12 | 12.3
Earth Magic    | 3 5 6 8 9 10 15 | 15.4
Slings         | 2 4 5 6 7 9 10 | 10.1

Action                   |  1- 3 |  4- 6 |  7- 9 | 10-12 | 13-15 | 16-18 | 19-21 | 22-24 | 25-27 || total
-------------------------+-------+-------+-------+-------+-------+-------+-------+-------+-------++-------
Melee: Unarmed           |    82 |   221 |   499 |   754 |  1731 |  1922 |  2225 |  1406 |  7872 || 16712
       Kick              |     9 |    28 |   100 |   209 |   504 |   515 |   743 |   516 |    49 ||  2673
       Headbutt          |     3 |    16 |    62 |   124 |   324 |   340 |   479 |   351 |     6 ||  1705
       Bite              |     6 |    13 |    63 |    89 |   232 |   249 |   345 |   266 |  1467 ||  2730
       Punch             |     1 |     4 |     8 |     4 |       |     6 |       |       |       ||    23
       Scimitar          |       |       |       |       |    11 |       |       |       |       ||    11
       Quick blade       |       |       |       |       |       |       |       |     3 |       ||     3
 Fire: Shortbow          |       |       |     1 |       |       |       |       |       |       ||     1
       Hunting sling     |       |       |       |       |       |     9 |   594 |   769 |   896 ||  2268
Throw: Stone             |    28 |    25 |    90 |    87 |    99 |   151 |    15 |    28 |    36 ||   559
       Dart              |     4 |    28 |    74 |   154 |    69 |     3 |     7 |       |       ||   339
       Boomerang         |       |     9 |     6 |    33 |   230 |   253 |    81 |    40 |   468 ||  1120
       Javelin           |       |       |       |       |       |    16 |     7 |    46 |   100 ||   169
       Throwing net      |       |       |       |       |       |       |     2 |       |     1 ||     3
 Cast: Beastly Appendage |     8 |    18 |    43 |    83 |   127 |   147 |   136 |    77 |     2 ||   641
       Wereblood         |     4 |     3 |    13 |    16 |    25 |       |    24 |     4 |     8 ||    97
       Apportation       |       |       |       |       |    18 |    60 |    81 |   208 |   497 ||   864
       Tukima's Dance    |       |       |       |       |     2 |   140 |       |       |     1 ||   143
       Lesser Beckoning  |       |       |       |       |     2 |    66 |    23 |    18 |   152 ||   261
       Confusing Touch   |       |       |       |       |     6 |    44 |     7 |     8 |     2 ||    67
       Blade Hands       |       |       |       |       |       |     5 |       |       |       ||     5
       Animate Skeleton  |       |       |       |       |       |       |     9 |     8 |     5 ||    22
       Animate Dead      |       |       |       |       |       |       |       |     2 |     2 ||     4
       Swiftness         |       |       |       |       |       |       |       |     1 |     2 ||     3
       Lee's Rapid Decon |       |       |       |       |       |       |       |     7 |       ||     7
       Borgnjor's Vile C |       |       |       |       |       |       |       |       |   311 ||   311
       Summon Lightning  |       |       |       |       |       |       |       |       |     6 ||     6
       Summon Mana Viper |       |       |       |       |       |       |       |       |    12 ||    12
       Statue Form       |       |       |       |       |       |       |       |       |     5 ||     5
Invok: Lesser Servant of |       |       |       |       |     9 |    14 |    17 |    10 |     9 ||    59
       Greater Servant o |       |       |       |       |       |       |       |       |    12 ||    12
 Abil: End Transformatio |       |       |       |     1 |       |       |       |       |     1 ||     2
       Evoke Invisibilit |       |       |       |       |     1 |       |       |       |       ||     1
       Evoke Flight      |       |       |       |       |       |     1 |     6 |     1 |    23 ||    31
       Exsanguinate      |       |       |       |       |       |       |       |       |     1 ||     1
Evoke: Wand              |       |       |     4 |     7 |    36 |     3 |    13 |       |     9 ||    72
       Box of beasts     |       |       |       |       |       |       |     1 |       |     1 ||     2
       Lightning rod     |       |       |       |       |       |       |       |     5 |     6 ||    11
       Tin of tremorston |       |       |       |       |       |       |       |     6 |     2 ||     8
       Phantom mirror    |       |       |       |       |       |       |       |       |     2 ||     2
       Horn of Geryon    |       |       |       |       |       |       |       |       |     1 ||     1
  Use: Scroll            |     1 |     6 |    13 |     6 |    15 |    16 |    18 |    10 |    35 ||   120
       Potion            |       |       |     7 |     1 |     3 |     6 |     3 |     2 |    18 ||    40
 Stab: Sleeping          |     1 |     1 |       |       |       |       |       |       |       ||     2
       Paralysed         |       |       |       |       |     9 |       |       |       |       ||     9
       Confused          |       |       |       |       |     5 |    35 |     5 |     4 |       ||    49
       Distracted        |       |       |       |       |     1 |       |    12 |     2 |    16 ||    31
       Held in net/web   |       |       |       |       |       |       |     1 |       |       ||     1
Armor: Robe              |    21 |     6 |       |       |       |       |       |       |       ||    27
       Ring mail         |       |    52 |    44 |       |       |       |       |       |       ||    96
       Swamp dragon scal |       |       |    81 |   181 |   234 |   312 |       |       |       ||   808
       Ice dragon scales |       |       |       |       |   195 |       |       |       |       ||   195
       Fire dragon scale |       |       |       |       |    43 |       |       |       |       ||    43
       Plate armour      |       |       |       |       |       |    64 |   996 |   584 |  3886 ||  5530
       Skin              |       |       |       |       |       |       |       |       |    26 ||    26
Dodge: Dodged            |    58 |   103 |   392 |   360 |   489 |   468 |   345 |   242 |  2344 ||  4801
Block: Kite shield       |       |       |       |   330 |   945 |  1337 |  1614 |  1077 |  7371 || 12674
       Reflection        |       |       |       |       |       |   172 |   146 |    70 |    98 ||   486
       Other             |       |       |       |       |       |     9 |       |       |       ||     9
       Rpst.: Scimitar   |       |       |       |       |     1 |       |       |       |       ||     1
